 Dungeon Crawl Stone Soup version 0.26-a0-1040-gbe3abf3417 (webtiles) character file.

Game seed: 1502377678024089008

212 sahdkjhfkaj the Shield-Bearer (level 5, 0/49 HPs)
             Began as a Deep Dwarf Fighter on Dec 12, 2020.
             Slain by a black bear (1 damage)
             ... on level 3 of the Dungeon.
             The game lasted 00:01:47 (1372 turns).

sahdkjhfkaj the Shield-Bearer (Deep Dwarf Fighter)  Turns: 1372, Time: 00:01:48

Health: 0/49       AC:  7    Str: 21    XL:     5   Next: 58%
Magic:  5/5        EV:  8    Int:  8    God:
Gold:   103        SH: 10    Dex: 12    Spells: 4/4 levels left

rFire    . . .     SeeInvis .   a - +0 war axe
rCold    . . .     Faith    .   c - +0 kite shield
rNeg     . . .     Spirit   .   b - +0 scale mail
rPois    .         Reflect  .   (no helmet)
rElec    .         Harm     .   (no cloak)
rCorr    .         Rampage  .   (no gloves)
Will     .....                  (no boots)
Stlth    ..........             (no amulet)
HPRegen  0.00/turn              (no ring)
MPRegen  0.09/turn              (no ring)

@: non-regenerating
A: damage resistance, heal wounds, sense surroundings 1, no regeneration
a: Heal Wounds


You were on level 3 of the Dungeon.
You visited 1 branch of the dungeon, and saw 3 of its levels.

You collected 103 gold pieces.

Inventory:

Hand Weapons
 a - a +0 war axe (weapon)
Missiles
 j - 30 bolts
Armour
 b - a +0 scale mail (worn)
 c - a +0 kite shield (worn)
Jewellery
 h - a cursed ring of attention {unknown}
Wands
 n - a wand of iceblast (11)
Scrolls
 e - a scroll of fog {unknown}
 f - a scroll of identify {unknown}
 i - a scroll of immolation {unknown}
 k - 2 scrolls of remove curse {unknown}
 l - a scroll of noise {unknown}
Potions
 d - a potion of might
 g - a potion of attraction {unknown}
 m - a potion of curing {unknown}
 o - a potion of berserk rage {unknown}


   Skills:
 + Level 3.3 Fighting
 * Level 3.9 Axes
 + Level 3.9 Armour
 + Level 1.7 Dodging
 * Level 4.7 Shields


You had 4 spell levels left.
You didn't know any spells.
Your spell library was empty.

Dungeon Overview and Level Annotations

Branches:
Dungeon (3/15)

Altars:
Fedhas

Annotations:
D:2 1 runed translucent door, Crazy Yiuf


Innate Abilities, Weirdness & Mutations

You are resistant to damage.
You can heal yourself by infusing magical energy.
You passively map a small area around you.
You do not regenerate.


Message History

The black bear claws you but does no damage.
Unknown command.
You barely miss the black bear. You block the black bear's attack.
The black bear claws you but does no damage.
The black bear barely misses you.
Unknown command.
You hit the black bear.
The black bear is lightly wounded.
The black bear closely misses you. You block the black bear's attack.
The black bear claws you but does no damage.
A black bear is nearby!
A black bear is nearby!
A black bear is nearby!
Unknown command.
You barely miss the black bear.
The black bear is lightly wounded.
The black bear bites you. You block the black bear's attack. x2
The black bear completely misses you. The black bear barely misses you.
The black bear claws you.
You die...

#........)#
#.........#
#.........#*
######...(.)..##
####.........)...###
#..#.#########(.....
#..#.# #......#####
#..#.####.###..#
#.h@..##.......#
#.##..##_.###.##
#,,...##..<##.# * *
##!###.###.( ,, ..
#.# ### *##.#.######
.#......# * ######)#
* ##.#####


You could see a black bear.

Vanquished Creatures
  An orc priest (D:3)
  3 orc wizards
  3 adders
  A leopard gecko (D:1)
  7 orcs
  3 bats
  2 giant cockroaches (D:2)
  10 goblins
  4 hobgoblins
  11 jackals
  A quokka (D:3)
  2 ball pythons
  10 kobolds
  7 rats
65 creatures vanquished.

Vanquished Creatures (others)
  5 toadstools (D:1)
5 creatures vanquished.

Grand Total: 70 creatures vanquished

Notes
Turn   | Place    | Note
-------+----------+-------------------------------------------
     0 | D:1      | sahdkjhfkaj the Deep Dwarf Fighter began the quest for the
                  | Orb.
     0 | D:1      | Reached XP level 1. HP: 20/20 MP: 1/1
   116 | D:1      | Reached XP level 2. HP: 22/27 MP: 2/2
   358 | D:1      | Reached XP level 3. HP: 20/33 MP: 3/3
   552 | D:2      | Reached skill level 1 in Dodging
   552 | D:2      | Reached skill level 4 in Shields
   552 | D:2      | Reached XP level 4. HP: 31/42 MP: 4/4
   968 | D:2      | Found a runed translucent door.
   969 | D:2      | Noticed Crazy Yiuf
  1215 | D:3      | Reached XP level 5. HP: 37/49 MP: 5/5
  1304 | D:3      | Found a blossoming altar of Fedhas.
  1344 | D:3      | HP: 1/49 [orc priest/divine providence (11)]
  1368 | D:3      | Noticed a black bear
  1372 | D:3      | Slain by a black bear

Illustrated notes

Levels and vault maps discovered:
D:1:      ldierk_walled_garden, layout_rooms, grunt_decor_mini_mirrors
D:2:      cheibrodos_helix_gallery, layout_basic, uniq_crazy_yiuf_cottage
D:3:      layout_basic, overflow_temple_1_default, chequers_serial_rivers_marsh

Skill      XL: |  1  2  3 |
---------------+----------+-----
Fighting       | 3 |  3.3
Axes           | 3 |  3.9
Dodging        | 1 |  1.7
Shields        | 4 |  4.7
Armour         | |  3.9

Action                   |  1- 3 |  4- 6 || total
-------------------------+-------+-------++-------
Melee: War axe           |    82 |   100 ||   182
 Abil: Heal Wounds       |     1 |     1 ||     2
Armor: Scale mail        |    36 |    48 ||    84
Dodge: Dodged            |    39 |    35 ||    74
Block: Kite shield       |    54 |    63 ||   117

Table legend: (Time is in decaauts)
 A = Elapsed time spent in this place.
 B = Non-inter-level travel time spent in this place.
 C = Inter-level travel time spent in this place.
 D = Time resting spent in this place.
 E = Time spent auto-exploring this place.
 F = Levels seen in this place.
 G = Mean time per level.
                   A        B        C        D        E       F      G
               +--------+--------+--------+--------+--------+-----+--------+
         Total |   1450 |   1406 |     44 |      0 |    999 |   3 |  483.3 |
       Dungeon |   1450 |   1406 |     44 |      0 |    999 |   3 |  483.3 |
               +--------+--------+--------+--------+--------+-----+--------+

Top non-repeatable levels by time:
     D:2: 761 daAuts
     D:1: 440 daAuts
     D:3: 248 daAuts
